 Dungeon Crawl Stone Soup version 0.32-a0-471-gb91d5d9764 (webtiles) character file.

Game seed: 7492685287069962578

212 ketsa the Conjurer (level 5, 0/28 HPs)
             Began as a Deep Elf Conjurer on Feb 25, 2024.
             Was an Initiate of Sif Muna.
             Incinerated by a bombardier beetle (5 damage)
             ... with a burning spray
             ... on level 4 of the Dungeon.
             The game lasted 00:09:12 (3259 turns).

ketsa the Conjurer (Deep Elf Conjurer)              Turns: 3259, Time: 00:09:13

Health: 0/28       AC:  3    Str:  4    XL:     5   Next: 58%
Magic:  9/14       EV: 12    Int: 25    God:    Sif Muna [......]
Gold:   66         SH:  0    Dex: 13    Spells: 10/13 levels left

rFire   . . .        u - +5 woodcutter's axe
rCold   . . .        (shield currently unavailable)
rNeg    . . .        g - +0 robe
rPois   .            (no helmet)
rElec   .            (no cloak)
rCorr   .            (no gloves)
SInv    .            i - +0 pair of boots {rampage}
Will    .....        (no amulet)
Stlth   +            (no ring)
HPRegen 0.24/turn    (no ring)
MPRegen 0.14/turn

%: rampage
@: on fire, glowing
A: no striking features
a: Renounce Religion


You were on level 4 of the Dungeon.
You worshipped Sif Muna.
Sif Muna was noncommittal.
You visited 1 branch of the dungeon, and saw 4 of its levels.

You collected 92 gold pieces.
You spent 26 gold pieces at shops.

Inventory:

Hand Weapons
 d - a +0 dagger
 u - the +5 woodcutter's axe (weapon)
   (You found it on level 3 of the Dungeon)
Missiles
 l - 10 poisoned darts
 r - 8 javelins
Armour
 a - a +0 robe
 g - a +0 robe (worn)
 i - a +0 pair of boots of rampaging (worn)
 m - a +0 helmet
Wands
 t - a wand of paralysis (8)
Scrolls
 c - 2 scrolls of amnesia {unknown}
 f - a scroll of revelation {unknown}
 k - a scroll of silence {unknown}
 n - 3 scrolls of blinking {unknown}
 p - 2 scrolls of teleportation {unknown}
Potions
 b - a potion of magic
 e - 2 potions of enlightenment
 h - 4 potions of curing
 j - a potion of brilliance
 o - a potion of lignification {unknown}
 q - a potion of might {unknown}
 s - a potion of attraction {unknown}


   Skills:
 - Level 2.4 Dodging
 - Level 2.4 Stealth
 + Level 4.9 Spellcasting
 * Level 6.4 Conjurations
 + Level 1.8 Alchemy


You had 10 spell levels left.
You knew the following spells:

 Your Spells              Type           Power      Damage    Failure   Level
a - Magic Dart            Conj           100%       1d8       1%          1
b - Searing Ray           Conj           76%        2d7       1%          2

Your spell library contained the following spells:

 Spells                   Type           Power      Damage    Failure   Level
 Fulminant Prism          Conj/Alch      13%        3d8       16%         4
 Iskenderun's Mystic Bla  Conj/Tloc      22%        2d6       22%         4
 Fireball                 Conj/Fire      11%        3d7       52%         5
 Cause Fear               Hex            3%         N/A       63%         4
 Dragon's Call            Summ           3%         N/A       100%        9


Dungeon Overview and Level Annotations

Branches:
Dungeon (4/15)
 Temple: D:4-7

Altars:
Sif Muna

Shops:
D:2 ?


Message History

You see here a +0 dagger.
There is a stone staircase leading up here.
There is a stone staircase leading down here.
You climb downwards.
There is a stone staircase leading up here.
Found a ring mail.
Found 18 gold pieces.
Found a stone staircase leading down.
You open the door.
A bombardier beetle comes into view.
Casting: Searing Ray (safe; 1% risk of failure)
Confirm with . or Enter, or press ? or * to list all spells.
Aiming: Searing Ray (safe; 1% risk of failure)
Press: ? - help, Shift-Dir - straight line, f - bombardier beetle
Aim: a bombardier beetle (88% to hit)
The searing ray hits the bombardier beetle.
The bombardier beetle is lightly wounded. (Press . to maintain the ray.)
The bombardier beetle sprays incendiary fluid at you.
The burning spray hits you.
You are covered in liquid fire!
The searing ray misses the bombardier beetle.
The liquid fire burns you!
The searing ray hits the bombardier beetle.
The bombardier beetle is moderately wounded.
The liquid fire burns you!
A scorpion comes into view.
The searing ray hits the bombardier beetle!
The bombardier beetle is almost dead.
You finish channelling your searing ray.
The liquid fire burns you! The liquid fire burns you!
The liquid fire burns you!
* * * LOW HITPOINT WARNING * * *
The bombardier beetle sprays incendiary fluid at you.
The burning spray misses you.
You hit the bombardier beetle.
You kill the bombardier beetle!
Sif Muna accepts your kill. The liquid fire burns you!
You die...

#.......
###......
#....[..# #
+.......##>..
####........$...
..........####
#........##<#
#...........#
###.##@###### ..
#'# ... ... ..
..... . s......
.........
...........
........#####


You could see a scorpion.

Vanquished Creatures
  A gnoll sergeant (D:3)
  A bombardier beetle (D:4)
  5 gnolls (D:3)
  3 adders
  A dart slug (D:2)
  3 orcs (D:3)
  7 ball pythons
  5 bats
  9 endoplasms
  2 giant cockroaches
  6 goblins
  3 hobgoblins
  7 jackals
  4 kobolds
  2 quokkas (D:3)
  6 frilled lizards
  4 rats
  A spectral goblin (D:3)
70 creatures vanquished.

Notes
Turn   | Place    | Note
-------+----------+-------------------------------------------
     0 | D:1      | ketsa the Deep Elf Conjurer began the quest for the Orb.
     0 | D:1      | Reached XP level 1. HP: 10/10 MP: 6/6
   293 | D:1      | Reached XP level 2. HP: 15/15 MP: 4/8
   947 | D:2      | Reached skill level 5 in Conjurations
  1030 | D:2      | Reached XP level 3. HP: 19/19 MP: 3/10
  1632 | D:2      | Found a shimmering blue altar of Sif Muna.
  1650 | D:2      | Became a worshipper of Sif Muna the Loreminder
  1728 | D:2      | Found Xulemmesy's Magic Scroll Boutique.
  1776 | D:2      | Bought a scroll of identify for 26 gold pieces
  1988 | D:3      | Reached XP level 4. HP: 23/24 MP: 4/12
  1991 | D:3      | Learned a level 2 spell: Searing Ray
  2185 | D:3      | Found a faded altar of an unknown god.
  2716 | D:3      | Reached skill level 6 in Conjurations
  2716 | D:3      | Reached skill level 1 in Alchemy
  2823 | D:3      | Reached XP level 5. HP: 28/28 MP: 8/13
  3008 | D:3      | Found the +5 woodcutter's axe
  3259 | D:4      | Incinerated by a bombardier beetle

Illustrated notes

Levels and vault maps discovered:
D:1:      lemuel_arrival_muddy, layout_basic,
          nicolae_concentric_dashed_squares_mild, minmay_misc_feat_square,
          dreamdust_mushroom_princess, minmay_pentomino_u2
D:2:      minmay_alternating_diamond, layout_basic, serial_shops, shop_statue,
          basic_altar, dreamdust_princess_bridge
D:3:      layout_loops_cross, dreamdust_ecumenical_altar_drowned_temple,
          pf_guarded_unrand_woodcutter
D:4:      layout_basic, kennysheep_path_1, corexii_corridor_pit,
          nicolae_stop_n_shop_2, minmay_quadrilaterals, uniq_blork_the_orc,
          uniq_eustachio

Skill      XL: |  1  2  3  4 |
---------------+-------------+-----
Conjurations   | 5 6 |  6.4
Spellcasting   | 4 |  4.9
Alchemy        | 1 |  1.8
Dodging        | |  2.4
Stealth        | |  2.4

Action                     |  1- 3 |  4- 6 || total
---------------------------+-------+-------++-------
  Melee: Unarmed           |     1 |       ||     1
         Battleaxe         |       |     2 ||     2
   Cast: Magic Dart        |    74 |    43 ||   117
         Searing Ray       |       |     9 ||     9
    Use: Scroll            |     3 |       ||     3
   Stab: Sleeping          |       |     1 ||     1
 Armour: Robe              |     3 |     2 ||     5
  Dodge: Dodged            |     8 |     5 ||    13

Table legend: (Time is in decaauts)
 A = Elapsed time spent in this place.
 B = Non-inter-level travel time spent in this place.
 C = Inter-level travel time spent in this place.
 D = Time resting spent in this place.
 E = Time spent auto-exploring this place.
 F = Levels seen in this place.
 G = Mean time per level.
                   A        B        C        D        E       F      G
               +--------+--------+--------+--------+--------+-----+--------+
         Total |   3269 |   3143 |    126 |    712 |   1784 |   4 |  817.2 |
       Dungeon |   3269 |   3143 |    126 |    712 |   1784 |   4 |  817.2 |
               +--------+--------+--------+--------+--------+-----+--------+

Top non-repeatable levels by time:
     D:3: 1284 daAuts
     D:1: 1024 daAuts
     D:2: 945 daAuts
     D:4: 15 daAuts
